 Seeded DCSS version 0.29.1-4-g47bece8355 (webtiles) character file.

Game seed: 1738030888014195264 (custom seed)

2613 kingsuperguy the Nimble (level 9, -24/72 HPs)
             Began as a Gnoll Gladiator on Dec 2, 2022.
             Was a Priest of Wu Jian.
             Killed from afar by an acid dragon (29 damage)
             ... with a splash of acid
             ... on level 12 of the Dungeon.
             The game lasted 00:14:48 (7672 turns).

kingsuperguy the Nimble (Gnoll Gladiator)           Turns: 7672, Time: 00:14:50

Health: -24/72     AC:  9    Str: 18      XL:     9   Next: 60%
Magic:  0/17       EV: 10    Int: 12 (13) God:    Wu Jian [***...]
Gold:   297        SH:  0    Dex: 13 (14) Spells: 18/19 levels left

rFire   . . .      SeeInvis +   a - +0 long sword
rCold   . . .      Faith    .   (no shield)
rNeg    . . .      Spirit   +   o - +0 chain mail
rPois   .          Reflect  .   c - +0 helmet
rElec   .          Harm     .   u - +0 cloak
rCorr   .          Rampage  .   (no gloves)
Will    .....                   r - +0 pair of boots
Stlth   ..........              v - amulet of guardian spirit
HPRegen 0.22/turn               d - ring of see invisible
MPRegen 0.15/turn               x - +6 ring of intelligence

@: confused, lethally poisoned (-24 -> -37), corroded
A: fangs 1, strong nose, distributed training
a: Renounce Religion, Wall Jump, Serpent's Lash


You were on level 12 of the Dungeon.
You worshipped Wu Jian.
Wu Jian was most pleased with you.
You visited 1 branch of the dungeon, and saw 10 of its levels.

You collected 297 gold pieces.

Inventory:

Hand Weapons
 a - a +0 long sword (weapon)
 w - a +2 whip of electrocution
Armour
 b - a +0 leather armour
 c - a +0 helmet (worn)
 i - a +1 ring mail of fire resistance
 o - a +0 chain mail (worn)
 r - a +0 pair of boots (worn)
 u - a +0 cloak (worn)
Jewellery
 d - a ring of see invisible (left hand)
 v - an amulet of guardian spirit (around neck)
 x - a +6 ring of intelligence (right hand)
Scrolls
 p - a scroll of fear
 t - a scroll of vulnerability
 z - a scroll of identify
 B - a scroll of amnesia
 C - a scroll of enchant weapon
Potions
 f - 4 potions of brilliance
 g - 2 potions of curing
 h - a potion of magic
 k - a potion of attraction
 s - a potion of cancellation
Miscellaneous
 e - a tin of tremorstones (2/2)


   Skills:
 + Level 7.4 Fighting
 + Level 5.7 Short Blades
 + Level 8.8 Long Blades
 + Level 5.7 Axes
 + Level 5.7 Maces & Flails
 + Level 5.7 Polearms
 + Level 5.7 Staves
 + Level 5.7 Ranged Weapons
 + Level 7.4 Throwing
 + Level 5.7 Armour
 + Level 8.8 Dodging
 + Level 5.7 Stealth
 + Level 5.7 Shields
 + Level 5.7 Unarmed Combat
 + Level 5.7 Spellcasting
 + Level 4.7 Conjurations
 + Level 4.7 Hexes
 + Level 4.7 Summonings
 + Level 4.7 Necromancy
 + Level 4.7 Translocations
 + Level 4.7 Transmutations
 + Level 4.7 Fire Magic
 + Level 4.7 Ice Magic
 + Level 4.7 Air Magic
 + Level 4.7 Earth Magic
 + Level 4.7 Poison Magic
 + Level 6.2 Invocations
 + Level 5.7 Evocations


You had 18 spell levels left.
You knew the following spells:

 Your Spells              Type           Power      Damage    Failure   Level
a - Magic Dart            Conj           56%        1d5       30%         1

Your spell library contained the following spells:

 Spells                   Type           Power      Damage    Failure   Level
 Apportation              Tloc           28%        N/A       30%         1
 Necrotise                Necr           56%        1d6       30%         1
 Summon Small Mammal      Summ           56%        N/A       30%         1
 Call Imp                 Summ           14%        N/A       41%         2
 Mephitic Cloud           Conj/Pois/Air  14%        N/A       65%         3


Dungeon Overview and Level Annotations

Branches:
Dungeon (12/15)
 Temple: D:4-7         Lair: D:8-11         Orc: D:9-12

Altars:
Kikubaaqudgha
Sif Muna
Wu Jian

Shops:
D:1 (   D:3 =   D:4 *

Annotations:
D:2 1 runed translucent door, Crazy Yiuf


Innate Abilities, Weirdness & Mutations

You have very sharp teeth.
Your uncanny sense of smell can sniff out nearby items.
Your experience applies equally to all skills.


Message History

The acid dragon claws you but does no damage.
The killer bee stings you but does no damage.
In your confused state, you trip and fall down the stairs.
You climb downwards.
You feel sick.
The centaur shouts!
You hear a shout!
There is a stone staircase leading up here.
You are too confused!
Unknown command.
You are too confused!
You closely miss the killer bee.
The killer bee is heavily wounded.
You feel sick. The killer bee stings you.
You are more poisoned.
The killer bee poisons you! The acid dragon bites you.
* * * LOW HITPOINT WARNING * * *
The acid dragon completely misses you.
The centaur wields a +0 shortbow.
The centaur shoots an arrow.
The arrow hits you.
* * * LOW HITPOINT WARNING * * *
The killer bee stings you.
* * * LOW HITPOINT WARNING * * *
The acid dragon attacks as you move away!
The acid dragon completely misses you. The acid dragon closely misses you.
A boulder beetle comes into view.
* * * LOW HITPOINT WARNING * * *
You feel very sick.
The killer bee stings you but does no damage.
The centaur shoots an arrow.
The arrow misses you. The killer bee closely misses you.
The boulder beetle curls into a ball and begins rolling!
You are too confused!
You miss the killer bee. Your bite misses the killer bee.
The killer bee is heavily wounded.
You feel sick. The killer bee stings you.
* * * LOW HITPOINT WARNING * * *
You are more poisoned.
The killer bee poisons you!
The centaur shoots an arrow.
The arrow barely misses you. The acid dragon spits acid at you.
The splash of acid hits you!!
You die...

######...
.........
#........
#......#
#......#
#......#
#....#
#Dy..#
#.@..#
#..###
#..# #..#
c..#
....#
B...#
.....#


You could see a boulder beetle (rolling), an acid dragon (catching breath), a
centaur and a killer bee.

Vanquished Creatures
  A two-headed ogre (D:9)
  Pikel (D:5)
  A wraith (D:10)
  A wyvern (D:10)
  A water moccasin (D:9)
  An ogre (D:5)
  4 lemures (D:4)
  3 wights (D:9)
  2 howler monkeys
  3 orc priests (D:5)
  An iguana (D:5)
  An orc wizard (D:4)
  Natasha (thrice) (D:3)
  Terence (D:2)
  12 gnolls
  5 adders
  A white imp (D:5)
  5 worms
  4 dart slugs
  13 orcs
  8 bats
  2 bat zombies (D:5)
  6 endoplasms
  2 giant cockroaches (D:1)
  7 hobgoblins
  6 kobolds
  A quokka (D:3)
  5 ball pythons
  4 frilled lizards
  10 goblins
  5 rats
  A rat zombie (D:5)
121 creatures vanquished.

Vanquished Creatures (others)
  An orc (D:5)
1 creature vanquished.

Grand Total: 122 creatures vanquished

Notes
Turn   | Place    | Note
-------+----------+-------------------------------------------
     0 | D:1      | kingsuperguy the Gnoll Gladiator began the quest for the
                  | Orb.
     0 | D:1      | Reached XP level 1. HP: 20/20 MP: 1/1
    97 | D:1      | Reached XP level 2. HP: 19/26 MP: 2/2
   182 | D:1      | Found a faded altar of an unknown god.
   218 | D:1      | Prayed at the altar of an unknown god.
   218 | D:1      | Became a worshipper of the Wu Jian Council
   218 | D:1      | Reached * piety under Wu Jian
   517 | D:1      | Found Ismoeso's Weapon Emporium.
   668 | D:1      | Reached XP level 3. HP: 31/31 MP: 3/3
   826 | D:2      | Reached skill level 1 in Invocations
  1320 | D:2      | Reached ** piety under Wu Jian
  1335 | D:2      | Found a runed translucent door.
  1336 | D:2      | Noticed Crazy Yiuf
  1469 | D:2      | Reached skill level 1 in Short Blades
  1469 | D:2      | Reached skill level 1 in Axes
  1469 | D:2      | Reached skill level 1 in Maces & Flails
  1469 | D:2      | Reached skill level 1 in Polearms
  1469 | D:2      | Reached skill level 1 in Staves
  1469 | D:2      | Reached skill level 1 in Ranged Weapons
  1469 | D:2      | Reached skill level 1 in Armour
  1469 | D:2      | Reached skill level 1 in Stealth
  1469 | D:2      | Reached skill level 1 in Shields
  1469 | D:2      | Reached skill level 1 in Unarmed Combat
  1469 | D:2      | Reached skill level 1 in Spellcasting
  1469 | D:2      | Reached skill level 1 in Evocations
  1568 | D:2      | Noticed Terence
  1591 | D:2      | Killed Terence
  1592 | D:2      | Reached XP level 4. HP: 10/38 MP: 5/5
  1953 | D:2      | Reached skill level 1 in Conjurations
  1953 | D:2      | Reached skill level 1 in Hexes
  1953 | D:2      | Reached skill level 1 in Summonings
  1953 | D:2      | Reached skill level 1 in Necromancy
  1953 | D:2      | Reached skill level 1 in Translocations
  1953 | D:2      | Reached skill level 1 in Transmutations
  1953 | D:2      | Reached skill level 1 in Fire Magic
  1953 | D:2      | Reached skill level 1 in Ice Magic
  1953 | D:2      | Reached skill level 1 in Air Magic
  1953 | D:2      | Reached skill level 1 in Earth Magic
  1953 | D:2      | Reached skill level 1 in Poison Magic
  2316 | D:2      | Reached XP level 5. HP: 32/43 MP: 5/7
  3130 | D:3      | Noticed Natasha
  3136 | D:3      | Killed Natasha
  3205 | D:3      | Found Ihunad's Jewellery Shop.
  3587 | D:3      | Noticed Natasha
  3594 | D:3      | Killed Natasha
  3724 | D:3      | Noticed Natasha
  3730 | D:3      | Killed Natasha
  3783 | D:4      | Reached XP level 6. HP: 44/50 MP: 5/8
  3944 | D:4      | Reached *** piety under Wu Jian
  3945 | D:4      | Reached skill level 5 in Fighting
  3945 | D:4      | Reached skill level 5 in Throwing
  4057 | D:4      | Found a shimmering blue altar of Sif Muna.
  4215 | D:4      | Found Bifryr's General Store.
  4271 | D:5      | Entered Level 5 of the Dungeon
  4524 | D:5      | Noticed Pikel
  4657 | D:4      | Identified the +1 leather armour "Languuv" {rF- rN+ Stlth+}
  4770 | D:4      | Reached skill level 5 in Short Blades
  4770 | D:4      | Reached skill level 5 in Axes
  4770 | D:4      | Reached skill level 5 in Maces & Flails
  4770 | D:4      | Reached skill level 5 in Polearms
  4770 | D:4      | Reached skill level 5 in Staves
  4770 | D:4      | Reached skill level 5 in Ranged Weapons
  4770 | D:4      | Reached skill level 5 in Armour
  4770 | D:4      | Reached skill level 5 in Stealth
  4770 | D:4      | Reached skill level 5 in Shields
  4770 | D:4      | Reached skill level 5 in Unarmed Combat
  4770 | D:4      | Reached skill level 5 in Spellcasting
  4770 | D:4      | Reached skill level 5 in Invocations
  4770 | D:4      | Reached skill level 5 in Evocations
  4770 | D:4      | Reached XP level 7. HP: 59/59 MP: 9/14
  5474 | D:5      | Reached XP level 8. HP: 54/67 MP: 11/15
  6038 | D:5      | Found an ancient bone altar of Kikubaaqudgha.
  6095 | D:5      | Killed Pikel
  6767 | D:6      | You fall into a shaft and drop 3 floors!
  6785 | D:9      | Noticed a two-headed ogre
  6884 | D:9      | Reached XP level 9. HP: 64/72 MP: 17/17
  6922 | D:9      | Killed a two-headed ogre
  7175 | D:10     | Entered Level 10 of the Dungeon
  7480 | D:10     | Learned a level 1 spell: Magic Dart
  7666 | D:11     | Noticed a troll
  7671 | D:12     | Noticed a boulder beetle
  7672 | D:12     | Killed from afar by an acid dragon

Illustrated notes

Levels and vault maps discovered:
D:1:      evilmike_arrival_crescent, layout_rooms,
          hellmonk_ecumenical_altar_zigzags, serial_shops, nicolae_shop_trees,
          grunt_decor_resistance
D:2:      layout_basic, uniq_terence, uniq_crazy_yiuf_cottage
D:3:      cheibrodos_greedy_goblins, layout_loops_ring, serial_shops,
          nicolae_shop_trees, uniq_natasha
D:4:      layout_rooms, led_sif_book, serial_shops, nicolae_take_the_stairs
D:5:      layout_basic, lemuel_zombie_altar_kikubaaqudgha, uniq_pikel
D:6:      layout_basic, nicolae_gozag_cash_rules_everything_around_me,
          nicolae_hepliaklqana_monster_ancestors, minmay_temple_entry_slanted,
          kennysheep_generic_room_14
D:9:      layout_basic, nicolae_wu_jian_wuxing_cycle
D:10:     layout_rooms, grunt_ministairs_15, uniq_josephine
D:11:     nzn_motion_control, layout_rooms, dk_noncrumbling_4,
          dreamdust_princess_corridor
D:12:     layout_irregular_city, orc_david_3, serial_undead, serial_undead_b,
          serial_undead_a, serial_undead_b, serial_undead_d

Skill      XL: |  1  2  3  4  5  6  7  8  9 |
---------------+----------------------------+-----
Invocations    | 1 2 5 6 |  6.2
Short Blades   | 1 5 |  5.7
Axes           | 1 5 |  5.7
Maces & Flails | 1 5 |  5.7
Polearms       | 1 5 |  5.7
Staves         | 1 5 |  5.7
Ranged Weapons | 1 5 |  5.7
Armour         | 1 5 |  5.7
Stealth        | 1 5 |  5.7
Shields        | 1 5 |  5.7
Unarmed Combat | 1 5 |  5.7
Spellcasting   | 1 5 |  5.7
Evocations     | 1 5 |  5.7
Conjurations   | 1 4 |  4.7
Hexes          | 1 4 |  4.7
Summonings     | 1 4 |  4.7
Necromancy     | 1 4 |  4.7
Translocations | 1 4 |  4.7
Transmutations | 1 4 |  4.7
Fire Magic     | 1 4 |  4.7
Ice Magic      | 1 4 |  4.7
Air Magic      | 1 4 |  4.7
Earth Magic    | 1 4 |  4.7
Poison Magic   | 1 4 |  4.7
Fighting       | 6 7 |  7.4
Throwing       | 6 7 |  7.4
Long Blades    | 8 |  8.8
Dodging        | 8 |  8.8

Action                   |  1- 3 |  4- 6 |  7- 9 || total
-------------------------+-------+-------+-------++-------
Melee: Long sword        |   118 |   190 |   247 ||   555
       Bite              |     7 |    13 |    29 ||    49
       Punch             |     1 |     1 |    12 ||    14
Throw: Throwing net      |       |       |     6 ||     6
       Javelin           |       |       |     1 ||     1
Invok: Lunge             |     7 |    22 |     6 ||    35
       Whirlwind         |       |     3 |     8 ||    11
Evoke: Wand              |       |       |     6 ||     6
  Use: Scroll            |       |     7 |     9 ||    16
       Potion            |       |     2 |    12 ||    14
 Stab: Sleeping          |     1 |       |       ||     1
       Invisible         |       |       |     1 ||     1
       Held in net/web   |       |       |     3 ||     3
Armor: Leather armour    |    17 |       |       ||    17
       Chain mail        |    27 |    99 |   155 ||   281
       Skin              |       |       |     7 ||     7
Dodge: Dodged            |    79 |    63 |   120 ||   262
